 Dungeon Crawl Stone Soup version 0.25-a0-399-gcf1075a (webtiles) character file.

Game seed: 18253479491890754307, levelgen mode: deterministic

56 Firecrotchwizard the Skirmisher (level 3, -4/24 HPs)
             Began as a Gargoyle Fighter on Jan 9, 2020.
             Was an Initiate of Makhleb.
             Killed from afar by an orc wizard (10 damage)
             ... with a puff of flame
             ... on level 3 of the Dungeon.
             The game lasted 00:03:16 (1902 turns).

Firecrotchwizard the Skirmisher (Gargoyle Fighter)  Turns: 1902, Time: 00:03:17

Health: -4/24      AC: 10    Str: 25    XL:     3   Next: 95%
Magic:  3/3        EV:  7    Int:  8    God:    Makhleb [......]
Gold:   138        SH:  9    Dex:  9    Spells: 2/2 levels left

rFire    . . .     SeeInvis .   a - +0 flail
rCold    . . .     Gourm    .   c - +0 shield
rNeg     + . .     Faith    .   b - +0 scale mail
rPois    ∞         Spirit   .   (no helmet)
rElec    +         Reflect  .   (no cloak)
rCorr    .         Harm     .   (no gloves)
MR       .....                  (no boots)
Stlth    ..........             (no amulet)
HPRegen  0.08/turn              (no ring)
MPRegen  0.08/turn              (no ring)

@: mighty
A: negative energy resistance 1, electricity resistance, unbreathing,
petrification resistance, rot immunity, AC +3
a: Renounce Religion


You were on level 3 of the Dungeon.
You worshipped Makhleb.
Makhleb was noncommittal.
You were not hungry.

You visited 1 branch of the dungeon, and saw 3 of its levels.

You collected 138 gold pieces.

Inventory:

Hand Weapons
 a - a +0 flail (weapon)
Armour
 b - a +0 scale mail (worn)
 c - a +0 shield (worn)
Scrolls
 e - a scroll of enchant armour {unknown}
 g - 2 scrolls of remove curse {unknown}
 j - a scroll of fear {unknown}
 m - 2 scrolls of teleportation {unknown}
Potions
 h - a potion of mutation {unknown}
 i - a potion of experience {unknown}
 l - a potion of cancellation {unknown}
 n - a potion of flight {unknown}
 o - a potion of curing {unknown}
Comestibles
 f - 5 rations


   Skills:
 + Level 3.8 Fighting
 * Level 3.2 Maces & Flails
 - Level 3.2 Armour
 + Level 3.8 Shields


You had 2 spell levels left.
You didn't know any spells.
Your spell library contained the following spells:

 Spells                   Type           Power        Failure   Level  Hunger
 Magic Dart               Conj           #...         99%         1    ##.....
 Blink                    Tloc           N/A          100%        2    ###....
 Call Imp                 Summ           #.......     100%        2    ###....
 Slow                     Hex            #.......     100%        2    ###....
 Conjure Flame            Conj/Fire      #.......     100%        3    ####...
 Mephitic Cloud           Conj/Pois/Air  #.......     100%        3    ####...


Dungeon Overview and Level Annotations

Branches:
Dungeon (3/15)

Altars:
Makhleb


Innate Abilities, Weirdness & Mutations

You are resistant to torment.
Your stone body is resilient. (AC +3)
You are immune to poison.
You resist negative energy. (rN+)
You are resistant to electric shocks. (rElec)
You can survive without breathing.
You are immune to petrification.
You are immune to rotting.


Message History

You bump into the rock wall.
The orc wizard shouts!
You hear some strange, mumbled words.
A magic dart appears from out of thin air!
The magic dart hits you but does no damage.
Unknown command.
You barely miss something.
You hear some strange, mumbled words.
Something tries to affect you, but you resist.
The orc hits you but does no damage. Something hits you but does no damage.
The orc wizard casts a spell.
The orc wizard blinks!
You hear some strange, mumbled words.
Something tries to affect you, but you resist.
The orc barely misses you.
Unknown command.
You miss something. The orc hits you but does no damage.
Something hits you but does no damage. The orc hits you with a +0 hand axe.
Something hits you but does no damage.
You take 1 damage, and have 16/24 hp.
Unknown command.
You're too confused to move!
You feel less confused. The orc hits you but does no damage.
You closely miss the orc. The orc hits you but does no damage.
Your shield and scale mail prevent you from hitting something.
Something hits you but does no damage.
Your shield prevents you from hitting something.
Something hits you but does no damage.
You miss something.
You hear some strange, mumbled words.
A puff of flame appears from out of thin air!
The puff of flame misses you.
You sock the orc!
You kill the orc!
Makhleb accepts your kill.
Your shield and scale mail prevent you from hitting something.
You hear some strange, mumbled words.
You are confused.
You barely miss something. Something hits you but does no damage.
The orc wizard hits you but does no damage.
You hear some strange, mumbled words.
You are more confused.
The orc wizard hits you but does no damage.
You feel very mighty all of a sudden.
You hear some strange, mumbled words.
A magic dart appears from out of thin air!
The magic dart hits you but does no damage.
The orc wizard hits you but does no damage.
You bump into the rock wall.
Something hits you but does no damage. The orc wizard casts a spell at you.
The magic dart hits you but does no damage.
A magic dart appears from out of thin air!
The magic dart hits you.
The orc wizard hits you with a cursed -2 dagger.
You take 3 damage, and have 15/24 hp.
You bump into the rock wall.
A magic dart appears from out of thin air!
The magic dart hits you but does no damage.
The orc wizard hits you but does no damage.
You bump into the rock wall.
The orc wizard casts a spell at you. The magic dart hits you.
You take 4 damage, and have 11/24 hp.
You hear some strange, mumbled words.
A puff of flame appears from out of thin air!
The puff of flame hits you but does no damage.
You barely miss the orc wizard.
The orc wizard hits you but does no damage.
Something hits you but does no damage.
You completely miss the orc wizard.
The orc wizard hits you but does no damage.
Something hits you but does no damage.
You miss something.
The orc wizard mumbles some strange words.
The orc wizard seems to speed up.
Something hits you but does no damage.
The orc wizard hits you with a cursed -2 dagger.
Something hits you.
You take 3 damage, and have 8/24 hp.
You miss the orc wizard.
You feel less confused.
The orc wizard gestures wildly while chanting.
The orc wizard blinks!
The orc wizard hits you but does no damage.
Unknown command.
You hit the orc wizard but do no damage.
You block the orc wizard's attack.
You hear some strange, mumbled words.
A magic dart appears from out of thin air!
The magic dart hits you but does no damage.
The orc wizard hits you but does no damage.
You miss the orc wizard. The orc wizard casts a spell at you.
The magic dart hits you.
* * * LOW HITPOINT WARNING * * *
You block the orc's attack.
You hear some strange, mumbled words.
A puff of flame appears from out of thin air!
The puff of flame hits you!
You die...

##.# #.# .# ##
##..###.##.#
##.##...#......#
.......#......#
.##.#.#...#......###.
.......).............
##.#.#...###.#......
#....)o{..#####
#..####@.......
##..####o#.#####
#............
...##...####.......
.......<# ###.###.#
.#....#.# .. .
#.#..#.# ... #.#.....
### # ##.#.#


You could see an orc wizard and an orc.

Vanquished Creatures
  2 adders (D:2)
  3 dart slugs (D:2)
  2 leopard geckos (D:1)
  2 orcs (D:3)
  2 giant cockroaches (D:2)
  2 goblins
  3 hobgoblins
  5 bats
  4 kobolds
  A rat (D:3)
26 creatures vanquished.

Notes
Turn   | Place    | Note
-------+----------+-------------------------------------------
     0 | D:1      | Firecrotchwizard the Gargoyle Fighter began the quest for
                  | the Orb.
     0 | D:1      | Reached XP level 1. HP: 14/14 MP: 1/1
     2 | D:1      | Noticed a ghoul
     2 | D:1      | Noticed an ogre
     4 | D:1      | Noticed a felid
     4 | D:1      | Noticed a demonspawn
     6 | D:1      | Noticed a vine stalker
     6 | D:1      | Noticed a merfolk
    10 | D:1      | Noticed a naga
    10 | D:1      | Noticed a halfling
    12 | D:1      | Noticed a demigod
    12 | D:1      | Noticed a vampire
    14 | D:1      | Noticed an octopode
    14 | D:1      | Noticed a minotaur
    16 | D:1      | Noticed a dwarf
    18 | D:1      | Noticed a troll
    20 | D:1      | Noticed a tengu
    20 | D:1      | Noticed a draconian
    22 | D:1      | Noticed a gargoyle
    22 | D:1      | Noticed a spriggan
    24 | D:1      | Noticed a centaur
    24 | D:1      | Noticed a human
    26 | D:1      | Noticed a formicid
    26 | D:1      | Noticed an elf
   363 | D:1      | Reached XP level 2. HP: 19/19 MP: 2/2
   961 | D:2      | Found a burning altar of Makhleb.
   972 | D:2      | Became a worshipper of Makhleb the Destroyer
  1065 | D:2      | Reached XP level 3. HP: 23/23 MP: 3/3
  1187 | D:2      | Reached skill level 3 in Maces & Flails
  1902 | D:3      | HP: 6/24 [orc wizard/magic dart (3)]
  1902 | D:3      | Killed from afar by an orc wizard

Levels and vault maps discovered:
D:1:      kb_arrival_jail, layout_basic
D:2:      layout_loops_cross, bloody_makhleb
D:3:      layout_basic, marbit_many_paths, nicolae_underground_beach

Skill      XL: |  1  2  3 |
---------------+----------+-----
Maces & Flails | 3 |  3.2
Fighting       | |  3.8
Armour         | |  3.2
Shields        | |  3.8

Action                   || total
-------------------------++-------
Melee: Flail             ||   116
  Use: Potion            ||     1
  Eat: Chunk             ||     3
Armor: Scale mail        ||    77
Dodge: Dodged            ||    35
Block: Shield            ||    57

Table legend:
 A = Non-vault XP
 B = Vault XP
 C = Vault XP percentage of total XP
 D = Non-vault monster count
 E = Vault monster count
 F = Vault count percentage of total count
                 A         B        C        D         E       F
            +---------+---------+-------+---------+---------+-------
      Total |      80 |       0 |   0.0 |      26 |       0 |   0.0
            +---------+---------+-------+---------+---------+-------
        D:1 |      22 |       0 |   0.0 |      12 |       0 |   0.0
        D:2 |      51 |       0 |   0.0 |      11 |       0 |   0.0
        D:3 |       7 |       0 |   0.0 |       3 |       0 |   0.0
            +---------+---------+-------+---------+---------+-------

Levels and vault maps discovered:
D:1:      kb_arrival_jail, layout_basic
D:2:      layout_loops_cross, bloody_makhleb
D:3:      layout_basic, marbit_many_paths, nicolae_underground_beach

Table legend:
 A = Turns spent in this place as a percentage of turns spent in the entire game.
 B = Non-inter-level travel turns spent in this place as a percentage of non-inter-level travel turns spent in the entire game.
 C = Inter-level travel turns spent in this place as a percentage of turns spent in this place.
 D = Turns resting spent in this place as a percentage of non-inter-level travel turns spent in this place.
 E = Turns spent auto-exploring this place as a percentage of non-inter-level travel turns spent in this place.
 F = Non-inter-level travel turns spent in this place divided by the number of levels of this place that you've seen.
                   A       B       C       D       E      F
               +-------+-------+-------+-------+-------+----------------------
         Total | 100.0 | 100.0 |   2.8 |  23.8 |  62.8 | 616.0
       Dungeon | 100.0 | 100.0 |   2.8 |  23.8 |  62.8 | 616.0
               +-------+-------+-------+-------+-------+----------------------

Table legend:
 A = Kills in this place as a percentage of kills in entire the game.
 B = Kills by you in this place as a percentage of kills by you in the entire game.
 C = Kills by friends in this place as a percentage of kills by friends in the entire game.
 D = Other kills in this place as a percentage of other kills in the entire game.
 E = Experience gained in this place as a percentage of experience gained in the entire game.
 F = Experience gained in this place divided by the number of levels of this place that you have seen.
                   A       B       C       D       E      F
               +-------+-------+-------+-------+-------+----------------------
         Total | 100.0 | 100.0 |   N/A |   N/A | 100.0 |  26.7
       Dungeon | 100.0 | 100.0 |   N/A |   N/A | 100.0 |  26.7
               +-------+-------+-------+-------+-------+----------------------
